 Dungeon Crawl Stone Soup version 0.29.1-1-gd02db6906a (webtiles) character file.

Game seed: 6866577365075517158

11 H0rd4k the Charlatan (level 2, -2/21 HPs)
             Began as a Human Artificer on Sept 28, 2022.
             Slain by a hobgoblin (3 damage)
             ... on level 1 of the Dungeon.
             The game lasted 00:00:22 (678 turns).

H0rd4k the Charlatan (Human Artificer)               Turns: 678, Time: 00:00:22

Health: -2/21      AC:  3    Str: 12    XL:     2   Next: 35%
Magic:  2/2        EV: 11    Int: 11    God:
Gold:   51         SH:  0    Dex: 13    Spells: 1/1 levels left

rFire   . . .      SeeInvis .   a - +0 club
rCold   . . .      Faith    .   (no shield)
rNeg    . . .      Spirit   .   b - +0 leather armour
rPois   .          Reflect  .   (no helmet)
rElec   .          Harm     .   (no cloak)
rCorr   .          Rampage  .   (no gloves)
Will    .....                   (no boots)
Stlth   +.........              (no amulet)
HPRegen 0.07/turn               (no ring)
MPRegen 0.08/turn               (no ring)

@: no status effects
A: no striking features
a: no special abilities


You were on level 1 of the Dungeon.
You visited 1 branch of the dungeon, and saw 1 of its levels.

You collected 51 gold pieces.

Inventory:

Hand Weapons
 a - a +0 club (weapon)
Armour
 b - a +0 leather armour (worn)
Wands
 c - a wand of flame (15) (quivered)
 d - a wand of charming (15)
 e - a wand of iceblast (5)
Potions
 f - 2 potions of flight {unknown}


   Skills:
 + Level 1.4 Fighting
 + Level 0.7 Maces & Flails
 - Level 2.0 Armour
 + Level 1.6 Dodging
 - Level 1.0 Stealth
 - Level 3.0 Evocations


You had one spell level left.
You didn't know any spells.
Your spell library was empty.

Dungeon Overview and Level Annotations

Branches:
Dungeon (1/15)

Altars:


Message History

The hobgoblin shouts!
There are monsters nearby!
You hit the hobgoblin but do no damage.
The hobgoblin hits you but does no damage.
There are monsters nearby!
There are monsters nearby!
You barely miss the hobgoblin. The hobgoblin hits you. x2
You barely miss the hobgoblin. The hobgoblin misses you.
The hobgoblin hits you but does no damage.
You hit the hobgoblin but do no damage. The hobgoblin closely misses you.
The hobgoblin completely misses you.
You barely miss the hobgoblin.
The hobgoblin hits you but does no damage.
The hobgoblin barely misses you.
You hit the hobgoblin.
The hobgoblin is lightly wounded.
The hobgoblin hits you. x2
You hit the hobgoblin.
The hobgoblin is severely wounded.
The hobgoblin hits you. x2; The hobgoblin closely misses you.
The hobgoblin barely misses you. The hobgoblin attacks as you move away!
The hobgoblin hits you but does no damage.
The hobgoblin hits the plant.
The plant begins to die.
There is an open door here.
Something hits the plant.
You hit the hobgoblin.
The hobgoblin is almost dead.
The hobgoblin hits you.
You hit the hobgoblin.
You kill the hobgoblin!
You hit the hobgoblin but do no damage. The hobgoblin hits you.
* * * LOW HITPOINT WARNING * * *
You barely miss the hobgoblin.
A nearby plant withers and dies.
The hobgoblin hits you.
* * * LOW HITPOINT WARNING * * *
The hobgoblin hits you.
* * * LOW HITPOINT WARNING * * *
You closely miss the hobgoblin. The hobgoblin hits you.
You die...

#######P~~~~~♣~~~P.~#.##.
#...~.P~~~♣~..~.###.#..
#...P~~♣~P~~.##..#....#
#..P~~~~.P.####.....### ♣♣♣
#..P~~P~..## #.###....
♣~P..###....~~...#####.# #####
~~...............#.....# #
♣~♣.....#####g####.##### #
♣.....# ##@## #.# #
........'........#.###########
........#.....................
#########...........##########
#.....>.........).....
#...........##########
#...........# #...........#
..........


You could see a hobgoblin.

Vanquished Creatures
  A ball python (D:1)
  A bat (D:1)
  A goblin (D:1)
  4 hobgoblins (D:1)
  A kobold (D:1)
8 creatures vanquished.

Vanquished Creatures (others)
  34 plants (D:1)
34 creatures vanquished.

Grand Total: 42 creatures vanquished

Notes
Turn   | Place    | Note
-------+----------+-------------------------------------------
     0 | D:1      | H0rd4k the Human Artificer began the quest for the Orb.
     0 | D:1      | Reached XP level 1. HP: 15/15 MP: 1/1
   488 | D:1      | Reached XP level 2. HP: 15/21 MP: 2/2
   677 | D:1      | HP: 1/21 [hobgoblin (1)]
   678 | D:1      | Slain by a hobgoblin

Illustrated notes

Levels and vault maps discovered:
D:1:      dpeg_arrival_subterranean_lakeside_camping, layout_basic,
          serial_bayou, serial_bayou_pond_b, serial_bayou_lagoon_a,
          serial_bayou_pond_d, serial_bayou_ford_a, serial_bayou_pond_d,
          serial_bayou_crossing, basic_ecumenical_altar

Action                   || total
-------------------------++-------
Melee: Club              ||    54
Armor: Leather armour    ||    27
Dodge: Dodged            ||    46
